 Dungeon Crawl Stone Soup version 0.31-a0-431-g88bdf31460 (webtiles) character file.

Game seed: 18243330796278945083

3273 avis the Carver (level 10, -19/90 HPs)
             Began as a Hill Orc Monk on July 31, 2023.
             Was a Believer of Beogh.
             Blown up by a lich (85 damage)
             ... with an orb of destruction
             ... on level 1 of the Abyss on Aug 1, 2023.
             The game lasted 00:39:20 (7915 turns).

avis the Carver (Hill Orc Monk)                     Turns: 7915, Time: 00:39:20

Health: -19/90     AC: 13    Str: 17    XL:     10   Next: 0%
Magic:  3/13       EV:  5    Int: 10    God:    Beogh [**....]
Gold:   247        SH:  7    Dex: 15    Spells: 9/9 levels left

rFire   + . .        a - +7 Throatcutter {drain, coup de grace}
rCold   + . .        d - +2 buckler
rNeg    . . .        W - +0 plate armour
rPois   .            f - +0 helmet
rElec   .            H - scarf {rC+ rF+}
rCorr   .            o - +0 pair of gloves
SInv    .            J - +0 pair of boots
Will    .....        T - amulet of magic regeneration Stlth
                     (no ring)
HPRegen 0.35/turn    (no ring)
MPRegen 0.53/turn

%: no passive effects
@: studying Maces & Flails
A: no striking features
a: Renounce Religion, Smiting


You were on level 1 of the Abyss.
You worshipped Beogh.
Beogh was pleased with you.
You visited 2 branches of the dungeon, and saw 9 of its levels.
You visited the Abyss 1 time.
You also visited: Sewer.

You collected 363 gold pieces.
You spent 116 gold pieces at shops.

Inventory:

Hand Weapons
 a - the +7 Throatcutter (weapon) {drain, coup de grace}
   (You found it on level 2 of the Dungeon)
 b - a +4 sling
 e - a +0 spear
 s - a +0 spear
 w - a +0 heavy long sword
Missiles
 i - a boomerang
 j - 20 poisoned darts
 t - 7 javelins
 u - a curare-tipped dart (quivered)
 V - 2 atropa-tipped darts
Armour
 d - a +2 buckler (worn)
 f - a +0 helmet (worn)
 o - a +0 pair of gloves (worn)
 H - a scarf of resistance (worn)
 J - a +0 pair of boots (worn)
 W - a +0 plate armour (worn)
Magical Staves
 C - a staff of conjuration
Jewellery
 x - a ring of ice
 A - a ring of fire
 G - a ring of willpower
 T - an amulet of magic regeneration (around neck)
Wands
 n - a wand of paralysis (6)
 z - a wand of quicksilver (4)
 E - a wand of polymorph (3)
Scrolls
 h - a scroll of torment {unknown}
 p - 5 scrolls of teleportation
 y - 2 scrolls of fear {unknown}
 B - a scroll of identify
 I - a scroll of revelation {unknown}
 K - a scroll of immolation {unknown}
 S - a scroll of butterflies {unknown}
Potions
 c - a potion of ambrosia
 g - 2 potions of berserk rage
 k - 7 potions of enlightenment
 l - 4 potions of heal wounds
 m - a potion of might
 q - a potion of lignification {unknown}
 r - a potion of cancellation {unknown}
 v - a potion of mutation {unknown}
 D - 2 potions of brilliance
 F - a potion of attraction {unknown}
 M - 2 potions of curing
 X - 2 potions of magic


   Skills:
 + Level 8.9 Fighting
 * Level 10.1 Long Blades
 - Level 5.7 Axes
 - Level 2.4 Dodging
 - Level 6.0 Shields
 + Level 5.0 Invocations


You had 9 spell levels left.
You didn't know any spells.
Your spell library contained the following spells:

 Spells                   Type           Power      Damage    Failure   Level
 Apportation              Tloc           0%         N/A       100%        1
 Ensorcelled Hibernation  Hex/Ice        0%         N/A       100%        2
 Passwall                 Tmut/Erth      0%         N/A       100%        2
 Call Canine Familiar     Summ           0%         N/A       100%        3
 Dazzling Flash           Conj/Hex       0%         N/A       100%        3
 Gell's Gravitas          Tloc           0%         N/A       100%        3
 Inner Flame              Hex/Fire       0%         N/A       100%        3
 Portal Projectile        Hex/Tloc       0%         N/A       100%        3
 Swiftness                Air            0%         N/A       100%        3
 Teleport Other           Tloc           0%         N/A       100%        3
 Volatile Blastmotes      Fire/Tloc      0%         2d10      100%        3
 Fulminant Prism          Conj/Hex       0%         3d5       100%        4
 Iskenderun's Mystic Bla  Conj/Tloc      0%         2d3       100%        4
 Leda's Liquefaction      Hex/Erth       0%         N/A       100%        4
 Agony                    Necr           0%         N/A       100%        5
 Alistair's Intoxication  Tmut/Pois      0%         N/A       100%        5
 Silence                  Hex/Air        0%         N/A       100%        5
 Yara's Violent Unravell  Hex/Tmut       0%         3d3       100%        5
 Dispersal                Tloc           0%         N/A       100%        6
 Enfeeble                 Hex            0%         N/A       100%        7


Dungeon Overview and Level Annotations

Branches:
Dungeon (8/15)             Temple (1/1) D:5           Sewer (visited)
   Lair: D:8-11

Altars:
Ashenzari
Cheibriados
Dithmenos
Fedhas
Gozag
Hepliaklqana
Kikubaaqudgha
Makhleb
Nemelex Xobeh
Okawaru
Qazlal
Ru
Sif Muna
Trog
Uskayaw
Vehumet
Wu Jian
Xom
Yredelemnul
Zin

Shops:
D:3 (

Annotations:
D:8 Psyche


Message History

You hit Psyche. You drain Psyche.
Psyche is moderately wounded.
Psyche toys with her hair.
Psyche hits you but does no damage.
You are cast into the Abyss!
This branch contains the abyssal rune of Zot.
Found a gateway leading deeper into the Abyss.
There is a gateway leading deeper into the Abyss here.
A lich comes into view.
The lich shouts!
The lich gestures wildly while chanting.
The lich seems to speed up.
Aiming: Smiting
Press: ? - help, Dir - move target, f - lich Smite: a lich (fast)
You smite the lich!!
The lich is moderately damaged.
You can no longer gain orcish followers.
The lich gestures at you while chanting.
The bolt of cold hits you!! You resist.
Aiming: Smiting
Press: ? - help, Dir - move target, f/p - lich Smite: a lich (moderately damaged, fast)
You smite the lich!
The lich is heavily damaged.
The lich conjures a glowing orb.
An orb of destruction comes into view.
Aiming: Smiting
Press: ? - help, Dir - move target, f/p - lich Smite: a lich (heavily damaged, fast)
You smite the lich!!
The lich is severely damaged.
Aiming: Smiting
Press: ? - help, Dir - move target, f/p - lich Smite: a lich (severely damaged, fast)
You smite the lich!!
The lich is almost destroyed.
The orb of destruction hits you!!!!
Ouch! That really hurt!
You die...

#..... .#.#. .♣.....
.##..#.....#. . ...
#.. #.....# ....... ..
.#..#.#.#....... #.
#.. #.##..#..# ... . #
# ####.○..#..........#
.####...○L.#..#.#.....
. #......☼....#>###. .
..#..##@#.#...# #..
....
###..#.##..#..#.....
##..#...#.#.#...
###..#...##. . . .
#......# . .. ##... ..
.. # #. . .. #.


You could see a lich (fast).

Vanquished Creatures
  An oklob plant (D:6)
  A yak (D:8)
  A water moccasin (D:7)
  A black bear (D:3)
  3 ice beasts
  A centaur (D:5)
  2 ogres
  2 phantoms
  3 kobold brigands
  A bullfrog (D:7)
  A gnoll sergeant (D:7)
  4 scorpions
  A howler monkey (D:5)
  A gnoll bouda (D:6)
  5 hounds
  16 jellies
  Crazy Yiuf (D:4)
  2 orc priests (D:6)
  2 iguanas
  2 orc wizards
  15 gnolls
  6 adders
  2 river rats (Sewer)
  An ufetubus (D:5)
  3 worms
  5 dart slugs
  18 orcs
  3 bats
  12 endoplasms
  5 giant cockroaches
  6 goblins
  4 hobgoblins
  14 jackals
  10 quokkas
  5 ball pythons
  4 frilled lizards
  20 kobolds
  8 rats
192 creatures vanquished.

Notes
Turn   | Place    | Note
-------+----------+-------------------------------------------
     0 | D:1      | avis the Hill Orc Monk began the quest for the Orb.
     0 | D:1      | Reached XP level 1. HP: 19/19 MP: 1/1
    61 | D:1      | Reached XP level 2. HP: 11/26 MP: 2/2
   182 | D:1      | Reached skill level 5 in Axes
   485 | D:1      | Found a faded altar of an unknown god.
   491 | D:1      | Reached XP level 3. HP: 31/31 MP: 3/3
   989 | D:2      | Found the +7 Throatcutter {drain, coup de grace}
  1084 | D:2      | Reached skill level 1 in Long Blades
  1168 | D:2      | Reached XP level 4. HP: 36/40 MP: 4/4
  1832 | D:3      | Found Lirch's Weapon Shop.
  1835 | D:3      | Reached skill level 2 in Long Blades
  1840 | D:2      | Reached skill level 1 in Shields
  1850 | D:3      | Reached XP level 5. HP: 39/46 MP: 5/5
  2307 | D:3      | Noticed a black bear
  2318 | D:3      | Killed a black bear
  2319 | D:3      | Reached skill level 3 in Long Blades
  2319 | D:3      | Reached XP level 6. HP: 43/53 MP: 6/6
  2671 | D:3      | Reached skill level 4 in Long Blades
  2968 | D:4      | Found a glowing drain.
  2974 | D:4      | Reached skill level 5 in Fighting
  2985 | Sewer    | Entered a sewer
  3047 | Sewer    | Reached XP level 7. HP: 43/61 MP: 7/7
  3108 | Sewer    | Found a white marble altar of Elyvilon.
  3553 | D:4      | Reached skill level 5 in Long Blades
  4133 | D:4      | Found a runed translucent door.
  4134 | D:4      | Noticed Crazy Yiuf
  4138 | D:4      | Killed Crazy Yiuf
  4274 | D:3      | Bought a +0 heavy long sword for 116 gold pieces
  4336 | D:5      | Entered Level 5 of the Dungeon
  4493 | D:5      | Reached skill level 6 in Long Blades
  4507 | D:5      | Reached XP level 8. HP: 58/70 MP: 8/8
  4509 | D:5      | Became a worshipper of Beogh the Brigand
  4509 | D:5      | Reached * piety under Beogh
  4509 | D:5      | Reached ** piety under Beogh
  4923 | D:5      | Found a staircase to the Ecumenical Temple.
  4932 | Temple   | Found a transporter.
  4932 | Temple   | Found a transporter.
  4932 | Temple   | Found a transporter.
  4932 | Temple   | Found a transporter.
  4932 | Temple   | Entered the Ecumenical Temple
  5116 | D:5      | Reached skill level 7 in Long Blades
  5551 | D:6      | Reached skill level 5 in Shields
  5776 | D:6      | Found an opulent altar of Gozag.
  5854 | D:6      | Reached skill level 8 in Long Blades
  5949 | D:6      | Reached skill level 1 in Invocations
  5949 | D:6      | Reached XP level 9. HP: 29/79 MP: 8/10
  6105 | D:6      | Noticed an oklob plant
  6431 | D:6      | Reached *** piety under Beogh
  6431 | D:6      | Killed an oklob plant
  6432 | D:6      | Reached skill level 9 in Long Blades
  7863 | D:8      | Reached skill level 10 in Long Blades
  7863 | D:8      | Reached skill level 5 in Invocations
  7863 | D:8      | Reached XP level 10. HP: 84/90 MP: 13/13
  7870 | D:8      | Noticed Psyche
  7885 | Abyss:1  | Cast into level 1 of the Abyss (Psyche)
  7904 | Abyss:1  | Noticed a lich
  7915 | Abyss:1  | Blown up by a lich

Illustrated notes

Levels and vault maps discovered:
D:1:      matt_arrival_los_fun, layout_loops_cross,
          hellmonk_ecumenical_altar_lost_god, minmay_misc_feat_x, minmay_vboxes
D:2:      wad_crossroads, layout_loops_cross, st_stairs_6
D:3:      layout_basic, serial_shops, shop
D:4:      layout_gridville, gup_sewer_entry_pipe, nicolae_hexahallways,
          minmay_misc_feat_tower, uniq_crazy_yiuf_cottage
D:5:      layout_gridville, minmay_temple_entry_glassed_door,
          minmay_misc_feat_square, hangedman_decor_opposing,
          hangedman_abyss_or_decor_passed, minmay_manual_mess
D:6:      lemuel_slime, layout_basic, nicolae_gozag_seed_capital
D:7:      layout_basic
D:8:      kennysheep_town, uniq_pikel, uniq_psyche, uniq_erica, uniq_grum
Temple:   hellmonk_temple_divided_pantheon
Abyss:1:  base:
D:2

Skill      XL: |  1  2  3  4  5  6  7  8  9 |
---------------+----------------------------+-----
Axes           | 5 |  5.7
Long Blades    | 1 2 3 4 6 8 10 | 10.1
Fighting       | 4 5 6 7 8 |  8.9
Shields        | 1 2 3 4 5 6 |  6.0
Invocations    | 1 5 |  5.0
Dodging        | |  2.4

Action                     |  1- 3 |  4- 6 |  7- 9 | 10-12 || total
---------------------------+-------+-------+-------+-------++-------
  Melee: Hand axe          |    56 |       |       |       ||    56
         Long sword        |    11 |   144 |   179 |     3 ||   337
   Fire: Sling             |       |       |     3 |       ||     3
  Throw: Dart              |       |       |     1 |       ||     1
 Invoke: Convert to Beogh  |       |       |     1 |       ||     1
         Smiting           |       |       |     1 |     4 ||     5
  Evoke: Wand              |       |       |     6 |       ||     6
    Use: Potion            |       |       |     1 |       ||     1
         Scroll            |       |       |     6 |       ||     6
 Armour: Robe              |     9 |       |       |       ||     9
         Ring mail         |     8 |    56 |    18 |       ||    82
         Plate armour      |       |       |    51 |     1 ||    52
  Dodge: Dodged            |    38 |    69 |    41 |       ||   148
  Block: Buckler           |       |    33 |    47 |     1 ||    81

Table legend: (Time is in decaauts)
 A = Elapsed time spent in this place.
 B = Non-inter-level travel time spent in this place.
 C = Inter-level travel time spent in this place.
 D = Time resting spent in this place.
 E = Time spent auto-exploring this place.
 F = Levels seen in this place.
 G = Mean time per level.
                   A        B        C        D        E       F      G
               +--------+--------+--------+--------+--------+-----+--------+
         Total |   8016 |   7265 |    751 |    904 |   4389 |  11 |  728.7 |
       Dungeon |   7649 |   6906 |    743 |    861 |   4389 |   8 |  956.1 |
        Temple |     71 |     63 |      8 |      0 |      0 |   1 |   71.0 |
         Abyss |     29 |     29 |      0 |      0 |      0 |   1 |   29.0 |
         Sewer |    266 |    266 |      0 |     43 |      0 |   1 |  266.0 |
               +--------+--------+--------+--------+--------+-----+--------+

Top non-repeatable levels by time:
     D:4: 1262 daAuts
     D:7: 1191 daAuts
     D:6: 1148 daAuts
     D:3: 1076 daAuts
     D:5: 1034 daAuts
     D:1: 960 daAuts
     D:2: 932 daAuts
   Sewer: 266 daAuts
  Temple: 71 daAuts
     D:8: 42 daAuts
 Abyss:1: 29 daAuts
